 Dungeon Crawl Stone Soup version 0.25-a0-424-g80bd347ae0 (webtiles) character file.

Game seed: 1129355728655835535, levelgen mode: deterministic

3300 Epan the Geomancer (level 10, 0/56 HPs)
             Began as a Gargoyle Earth Elementalist on Jan 22, 2020.
             Was a Follower of Vehumet.
             Slain by a two-headed ogre
             ... wielding a +0 giant club
              (14 damage)
             ... on level 8 of the Dungeon.
             The game lasted 00:22:43 (6394 turns).

Epan the Geomancer (Gargoyle Earth Elementalist)    Turns: 6394, Time: 00:22:46

Health: 0/56       AC: 11    Str: 12    XL:     10   Next: 1%
Magic:  5/19       EV: 13    Int: 19    God:    Vehumet [*.....]
Gold:   380        SH:  0    Dex: 10    Spells: 12/21 levels left

rFire    . . .     SeeInvis .   r - +4 quarterstaff
rCold    . . .     Gourm    .   (shield currently unavailable)
rNeg     + . .     Faith    .   c - +0 robe
rPois    ∞         Spirit   .   (no helmet)
rElec    +         Reflect  .   z - +0 cloak
rCorr    .         Harm     .   e - +0 pair of gloves
MR       .....     Rnd*Tele +   (no boots)
Stlth    ++........             D - amulet of rage
HPRegen  0.18/turn              f - ring of wizardry
MPRegen  0.16/turn              q - ring of teleportation (curse)

@: very slightly contaminated
A: negative energy resistance 1, electricity resistance, unbreathing,
petrification resistance, rot immunity, AC +7
a: Renounce Religion, Evoke Berserk Rage


You were on level 8 of the Dungeon.
You worshipped Vehumet.
Vehumet was aware of your devotion.
You were hungry.

You visited 2 branches of the dungeon, and saw 9 of its levels.

You collected 380 gold pieces.

Inventory:

Hand Weapons
 r - a +4 quarterstaff (weapon)
 B - a +5 flail
Missiles
 b - 166 stones (quivered)
 y - a throwing net
Armour
 c - a +0 robe (worn)
 e - a +0 pair of gloves (worn)
 z - a +0 cloak (worn)
Magical Staves
 v - an uncursed staff of death {unknown}
Jewellery
 f - a ring of wizardry (left hand)
 k - an uncursed ring of stealth
 q - a cursed ring of teleportation (right hand)
 D - an amulet of rage (around neck)
 E - an uncursed amulet of guardian spirit {unknown}
Wands
 n - a wand of polymorph (11)
 s - a wand of random effects (20)
 t - a wand of iceblast (7)
 w - a wand of flame (15)
Scrolls
 j - 3 scrolls of teleportation
 l - 2 scrolls of fog
 m - a scroll of magic mapping
 o - 2 scrolls of amnesia
 x - a scroll of remove curse
 F - a scroll of fear
Potions
 a - a potion of brilliance
 g - 2 potions of flight
 h - 4 potions of curing
 i - 2 potions of haste {unknown}
 p - a potion of agility {unknown}
 u - a potion of ambrosia {unknown}
 A - a potion of heal wounds
Comestibles
 d - 22 rations
 C - a chunk of flesh


   Skills:
 + Level 3.6 Fighting
 + Level 3.4 Maces & Flails
 + Level 3.5 Armour
 + Level 3.2 Dodging
 - Level 2.1 Stealth
 + Level 6.3 Spellcasting
 + Level 6.8 Conjurations
   Level 0.7 Transmutations
 + Level 8.7 Earth Magic
 + Level 2.8 Evocations


You had 12 spell levels left.
You knew the following spells:

 Your Spells              Type           Power        Failure   Level  Hunger
a - Sandblast             Erth           #####.       1%          1    None
b - Stone Arrow           Conj/Erth      #####.       1%          3    ##.....
c - Lee's Rapid Deconstr  Erth           #####.....   3%          5    #####..

Your spell library contained the following spells:

 Spells                   Type           Power        Failure   Level  Hunger
 Magic Dart               Conj           ####         1%          1    None
 Passwall                 Tmut/Erth      ###.....     1%          2    None
 Conjure Flame            Conj/Fire      ###.....     3%          3    ##.....
 Mephitic Cloud           Conj/Pois/Air  ##......     5%          3    ##.....
 Blink                    Tloc           N/A          6%          2    None
 Call Imp                 Summ           #.......     6%          2    None
 Slow                     Hex            #.......     6%          2    None
 Petrify                  Tmut/Erth      ###.....     6%          4    ####...


Dungeon Overview and Level Annotations

Branches:
Dungeon (8/15)             Temple (1/1) D:5
   Lair: D:8-11

Altars:
Ashenzari
Cheibriados
Dithmenos
Elyvilon
Fedhas
Hepliaklqana
Kikubaaqudgha
Makhleb
Nemelex Xobeh
Okawaru
Qazlal
Ru
Sif Muna
Trog
Uskayaw
Vehumet
Wu Jian
Xom
Yredelemnul
Zin
The Shining One


Innate Abilities, Weirdness & Mutations

You are resistant to torment.
Your stone body is resilient. (AC +7)
You are immune to poison.
You resist negative energy. (rN+)
You are resistant to electric shocks. (rElec)
You can survive without breathing.
You are immune to petrification.
You are immune to rotting.


Message History

The blast of rock fragments hits the two-headed ogre!!
The two-headed ogre is heavily wounded.
You are feeling hungry.
You hear a screech! x2
The two-headed ogre hits you with a +0 giant club!
The two-headed ogre misses you.
Unknown command.
Unknown command.
Casting: Lee's Rapid Deconstruction (safe; 3% risk of failure)
Confirm with . or Enter, or press ? or * to list all spells.
Aiming: Lee's Rapid Deconstruction (safe; 3% risk of failure)
Press: ? - help, Dir - move target cursor A rock wall.
You miscast Lee's Rapid Deconstruction.
You are very lightly contaminated with residual magic.
You feel earthy.
The two-headed ogre hits you with a +0 giant club!
* * * LOW HITPOINT WARNING * * *
The two-headed ogre hits you with a +0 giant club!
You die...

...... ..... .... F..
.. ####### .#
#.....#######.#
#.....'[@OO...#
########.....#######.#
#........##### .#
###.###### .. #.#
########### ... #.#
#.........# ..#O #.#
#.........# .##.. #.#
#....<....# .# .# #.#
#.........#


You could see 2 two-headed ogres.

Vanquished Creatures
  Pikel (D:5)
  A hippogriff (D:7)
  Eustachio (D:5)
  4 hogs (D:7)
  A human (D:7)
  Menkaure (D:6)
  Purgy (D:3)
  An ice beast (D:7)
  A necrophage (D:7)
  3 ogres
  A centaur (D:5)
  3 bullfrogs
  A scorpion (D:7)
  5 wights (D:6)
  A crimson imp (D:6)
  2 bullfrog zombies
  A hound (D:6)
  A jelly (D:6)
  4 orc wizards
  A centaur skeleton (D:4)
  An iguana (D:7)
  5 worker ants
  A worker ant zombie (D:7)
  7 gnolls
  8 adders
  2 worms
  8 leopard geckos
  10 orcs
  A ball python (D:2)
  11 bats
  3 giant cockroaches
  2 gnoll zombies (D:4)
  8 goblins
  7 hobgoblins
  9 jackals
  6 kobolds
  5 quokkas
  3 frilled lizards
  16 rats
148 creatures vanquished.

Vanquished Creatures (others)
  An orc (D:5)
  2 frilled lizards (D:5)
3 creatures vanquished.

Grand Total: 151 creatures vanquished

Notes
Turn   | Place    | Note
-------+----------+-------------------------------------------
     0 | D:1      | Epan the Gargoyle Earth Elementalist began the quest for
                  | the Orb.
     0 | D:1      | Reached XP level 1. HP: 10/10 MP: 3/3
   153 | D:1      | Reached XP level 2. HP: 15/15 MP: 3/5
   157 | D:1      | Reached skill level 4 in Earth Magic
   414 | D:1      | Reached XP level 3. HP: 17/19 MP: 6/6
   419 | D:1      | Learned a level 3 spell: Stone Arrow
  1141 | D:2      | Reached skill level 1 in Conjurations
  1225 | D:2      | Reached XP level 4. HP: 19/24 MP: 5/8
  1875 | D:3      | Reached skill level 5 in Earth Magic
  1945 | D:3      | Reached XP level 5. HP: 8/28 MP: 0/10
  2212 | D:3      | Learned a level 5 spell: Lee's Rapid Deconstruction
  2625 | D:3      | Noticed Purgy
  2629 | D:3      | Killed Purgy
  2629 | D:3      | Reached XP level 6. HP: 32/32 MP: 4/11
  3105 | D:4      | Found a sparkling altar of Nemelex Xobeh.
  3106 | D:4      | Found a blossoming altar of Fedhas.
  3112 | D:4      | Reached skill level 6 in Earth Magic
  3238 | D:4      | Found a basalt altar of Yredelemnul.
  3353 | D:5      | Entered Level 5 of the Dungeon
  3376 | D:5      | Noticed Eustachio
  3397 | D:5      | Killed Eustachio
  3397 | D:5      | Reached XP level 7. HP: 18/36 MP: 1/13
  3613 | D:5      | Noticed Pikel
  3623 | D:5      | Killed Pikel
  3623 | D:5      | Reached skill level 5 in Spellcasting
  3623 | D:5      | Reached skill level 5 in Conjurations
  3623 | D:5      | Reached skill level 7 in Earth Magic
  3623 | D:5      | Reached XP level 8. HP: 37/41 MP: 8/16
  3932 | D:5      | Found a staircase to the Ecumenical Temple.
  3938 | Temple   | Entered the Ecumenical Temple
  4015 | Temple   | Became a worshipper of Vehumet
  4240 | D:5      | Found a shimmering altar of Xom.
  4355 | D:5      | Found a stormy altar of Qazlal.
  4454 | D:6      | Noticed Menkaure
  4457 | D:6      | Killed Menkaure
  4457 | D:6      | Reached skill level 1 in Fighting
  4457 | D:6      | Reached skill level 1 in Maces & Flails
  4457 | D:6      | Reached skill level 1 in Armour
  4461 | D:6      | Found a sacrificial altar of Ru.
  4592 | D:6      | Reached skill level 1 in Evocations
  4938 | D:6      | Reached skill level 8 in Earth Magic
  4938 | D:6      | Reached XP level 9. HP: 41/48 MP: 11/17
  5590 | D:7      | Reached * piety under Vehumet
  5590 | D:7      | Offered knowledge of Magic Dart by Vehumet.
  5653 | D:7      | Found a shattered altar of Ashenzari.
  5670 | D:7      | Found a snail-covered altar of Cheibriados.
  6165 | D:7      | Found an iron altar of Okawaru.
  6384 | D:8      | Noticed a two-headed ogre
  6384 | D:8      | Noticed a two-headed ogre
  6390 | D:8      | Reached XP level 10. HP: 56/56 MP: 19/19
  6394 | D:8      | Slain by a two-headed ogre

Levels and vault maps discovered:
D:1:      ncdulo_halloftheorcs, layout_loops_ring, minmay_rat_gold_closets
D:2:      layout_loops_cross
D:3:      layout_rooms, roderic_lattice_a, uniq_purgy
D:4:      layout_rooms, grunt_temple_overflow_open,
          lemuel_zombie_altar_yredelemnul, first_ration
D:5:      layout_rooms, xom_teletrap_fun, minmay_temple_entry_butterflies,
          basic_altar, uniq_pikel, uniq_eustachio
D:6:      layout_basic, nicolae_ru_awakened_eye, uniq_menkaure
D:7:      layout_rooms, nicolae_ashenzari_panopticon,
          nicolae_overflow_hidden_temple, st_stairs_13, grunt_livestock,
          cheibriados_altar_1
D:8:      layout_basic, minmay_hedge_maze, minmay_ruined_shrine
Temple:   eino_temple_water

Skill      XL: |  1  2  3  4  5  6  7  8  9 |
---------------+----------------------------+-----
Earth Magic    | 4 5 6 7 8 |  8.7
Conjurations   | 1 2 3 5 6 |  6.8
Spellcasting   | 3 4 5 6 |  6.3
Fighting       | 1 3 |  3.6
Maces & Flails | 2 3 |  3.4
Armour         | 1 3 |  3.5
Dodging        | 2 3 |  3.2
Evocations     | 1 2 |  2.8
Stealth        | |  2.1
Transmutations | |  0.7

Action                   |  1- 3 |  4- 6 |  7- 9 | 10-12 || total
-------------------------+-------+-------+-------+-------++-------
Melee: Dagger            |    24 |    93 |       |       ||   117
       Mace              |    93 |       |       |       ||    93
       Quarterstaff      |       |    29 |   151 |       ||   180
 Cast: Sandblast         |    21 |    46 |    42 |     1 ||   110
       Stone Arrow       |       |     2 |       |       ||     2
       Lee's Rapid Decon |       |       |     9 |     2 ||    11
Evoke: Wand              |       |     1 |     4 |       ||     5
  Use: Scroll            |     3 |     9 |     5 |       ||    17
       Potion            |       |     2 |       |     1 ||     3
 Stab: Sleeping          |     1 |     6 |       |       ||     7
  Eat: Chunk             |     1 |     7 |    13 |       ||    21
Armor: Robe              |    59 |    58 |    75 |       ||   192
Dodge: Dodged            |    97 |   117 |   123 |     3 ||   340

Table legend:
 A = Non-vault XP
 B = Vault XP
 C = Vault XP percentage of total XP
 D = Non-vault monster count
 E = Vault monster count
 F = Vault count percentage of total count
                 A         B        C        D         E       F
            +---------+---------+-------+---------+---------+-------
      Total |    2554 |    2161 |  45.8 |     128 |      20 |  13.5
            +---------+---------+-------+---------+---------+-------
        D:1 |      44 |       8 |  15.4 |      18 |       8 |  30.8
        D:2 |      88 |       0 |   0.0 |      22 |       0 |   0.0
        D:3 |     107 |     134 |  55.6 |      25 |       1 |   3.8
        D:4 |     124 |       4 |   3.1 |       9 |       2 |  18.2
        D:5 |     441 |     804 |  64.6 |      15 |       2 |  11.8
        D:6 |     682 |     172 |  20.1 |      19 |       1 |   5.0
        D:7 |     798 |    1039 |  56.6 |      16 |       6 |  27.3
        D:8 |     270 |       0 |   0.0 |       4 |       0 |   0.0
            +---------+---------+-------+---------+---------+-------
